 Dungeon Crawl Stone Soup version 0.18.1-48-g4cf74bf (webtiles) character file.

360 Gargoyl the Skirmisher (level 6, -3/48 HPs)
             Began as a Demonspawn Abyssal Knight on July 13, 2016.
             Was a Believer of Lugonu.
             Slain by smzp's ghost (6 damage)
             ... on level 4 of the Dungeon.
             The game lasted 00:07:09 (3432 turns).

Gargoyl the Skirmisher (Demonspawn Abyssal Knight)  Turns: 3432, Time: 00:07:10

Health: -3/48      AC: 12    Str: 19 (20) XL:     6   Next: 38%
Magic:  8/8        EV:  8    Int: 12 (13) God:    Lugonu [**....]
Gold:   79         SH:  0    Dex: 10 (12) Spells: 0 memorised, 5 levels left

rFire  + + +     SeeInvis .     a - +1 hand axe
rCold  + . .     Gourm    .     w - +3 chain mail {rF+}
rNeg   . . .     Faith    .     (no shield)
rPois  +         Spirit   .     (no helmet)
rElec  +         Dismiss  .     (no cloak)
rCorr  +         Reflect  .     (gloves unavailable)
SustAt .         Harm     .     (no boots)
MR     .....                    (no amulet)
Stlth  ..........               (no ring)
                                v - ring of poison resistance

@: mighty, resistant, not resistant to hostile enchantments, extremely
unstealthy
A: claws 3, fire resistance 1
a: Depart the Abyss, Bend Space, Renounce Religion


You were on level 4 of the Dungeon.
You worshipped Lugonu.
Lugonu was pleased with you.
You were hungry.

You visited 1 branch of the dungeon, and saw 4 of its levels.
You visited the Abyss 1 time.

You collected 79 gold pieces.

Inventory:

Hand Weapons
 a - a +1 hand axe (weapon)
 g - a +0 spear
Armour
 w - a +3 chain mail of fire resistance (worn)
Jewellery
 v - a ring of poison resistance (left claw)
Scrolls
 d - 2 scrolls of fear {unknown}
 h - a scroll of teleportation
 i - a scroll of enchant weapon
 l - a scroll of identify
 n - a scroll of magic mapping {unknown}
 q - 2 scrolls of remove curse
 u - a scroll of amnesia
Potions
 e - 2 potions of flight
 k - a potion of resistance
Books
 o - Vehumet's Guide on Conjuration
   (You found it on level 2 of the Dungeon)

   Spells                             Type                      Level
   a - Magic Dart                     Conjuration                  1
Comestibles
 c - 2 bread rations
 r - 3 meat rations


   Skills:
 + Level 4.2 Fighting
 + Level 3.0 Axes
 * Level 4.2 Armour
 + Level 2.2 Dodging
 + Level 0.6 Stealth
 + Level 2.7 Invocations


You had 5 spell levels left.
You didn't know any spells.

Dungeon Overview and Level Annotations

Branches:
Dungeon (4/15)
 Temple: D:4-7

Altars:
Kikubaaqudgha
Sif Muna
Vehumet

Annotations:
D:4 smzp's ghost, novice MiFi


Innate Abilities, Weirdness & Mutations

You have claws for hands.
Your flesh is heat resistant.


Message History

Smzp's ghost hits you.
* * * LOW HITPOINT WARNING * * *
You slash smzp's ghost!
Smzp's ghost is heavily damaged.
Smzp's ghost hits you but does no damage.
You hit smzp's ghost.
Smzp's ghost is severely damaged.
Smzp's ghost hits you.
* * * LOW HITPOINT WARNING * * *
You hit smzp's ghost but do no damage.
Smzp's ghost is severely damaged.
Smzp's ghost hits you but does no damage.
You barely miss smzp's ghost.
Smzp's ghost is severely damaged.
Smzp's ghost hits you!
* * * LOW HITPOINT WARNING * * *
Your chain mail prevents you from hitting smzp's ghost.
Smzp's ghost is severely damaged.
Smzp's ghost hits you.
You die...

# ##.........### ##
##............#
.###.............#
..#..............#
..#.............## #
..............).# ..#
.............W.## #....
#..............###......
..........).....@W......
#.............####......
##...........## .....
#...........# .>..
...#........## ...
..###......## .. .#
##.....# . . ###(.##
####


You could see a phantom and smzp's ghost.

Vanquished Creatures
  A giant frog (D:3)
  A hound (D:4)
  An iguana (D:4)
  Natasha (thrice) (D:3)
  9 adders
  An ooze (D:3)
  2 worms (D:2)
  A dart slug (D:3)
  2 giant geckos (D:2)
  An orc (D:3)
  4 ball pythons
  5 giant cockroaches
  5 goblins
  10 hobgoblins
  3 jackals (D:2)
  8 kobolds
  3 quokkas
  7 bats
  5 giant newts
  A jackal skeleton (D:4)
  4 rats (D:1)
77 creatures vanquished.

Notes
Turn   | Place    | Note
--------------------------------------------------------------
     0 | Abyss:1  | Gargoyl the Demonspawn Abyssal Knight began the quest for the Orb.
     0 | Abyss:1  | Reached XP level 1. HP: 18/18 MP: 2/2
    81 | Abyss:1  | Found a corrupted altar of Lugonu.
   177 | Abyss:1  | Noticed a ynoxinul
   233 | Abyss:1  | Noticed a thrashing horror
   235 | D:1      | Escaped the Abyss
   340 | D:1      | Reached * piety under Lugonu
   340 | D:1      | Reached skill level 1 in Dodging
   341 | D:1      | Gained mutation: You have sharp fingernails. [demonic ancestry]
   341 | D:1      | Reached XP level 2. HP: 21/24 MP: 3/3
  1131 | D:2      | Found a radiant altar of Vehumet.
  1140 | D:2      | Identified Vehumet's Guide on Conjuration
  1142 | D:2      | Found an ancient bone altar of Kikubaaqudgha.
  1143 | D:2      | Found a deep blue altar of Sif Muna.
  1167 | D:2      | Gained mutation: You have very sharp fingernails. [demonic ancestry]
  1167 | D:2      | Reached XP level 3. HP: 21/29 MP: 4/4
  1694 | D:2      | Gained mutation: Your flesh is heat resistant. [demonic ancestry]
  1694 | D:2      | Reached XP level 4. HP: 28/35 MP: 5/5
  1763 | D:2      | Reached ** piety under Lugonu
  2242 | D:3      | Noticed Natasha
  2267 | D:3      | Killed Natasha
  2366 | D:3      | Gained mutation: You have claws for hands. [demonic ancestry]
  2366 | D:3      | Reached XP level 5. HP: 35/41 MP: 6/6
  2576 | D:3      | Noticed Natasha
  2591 | D:3      | Killed Natasha
  2614 | D:3      | Noticed Natasha
  2629 | D:3      | Killed Natasha
  2741 | D:3      | Reached XP level 6. HP: 42/48 MP: 5/8
  3404 | D:4      | Noticed smzp's ghost (novice MiFi)
  3432 | D:4      | Slain by smzp's ghost

Skill      XL: |  1  2  3  4  5  6 |
---------------+-------------------+-----
Armour         | 2 3 4 |  4.2
Dodging        | 1 2 |  2.2
Axes           | 2 3 |  3.0
Fighting       | 4 |  4.2
Stealth        | |  0.6
Invocations    | |  2.7

Action                   |  1- 3 |  4- 6 || total
-------------------------+-------+-------++-------
Melee: Hand axe          |   132 |   210 ||   342
       Unarmed           |       |     4 ||     4
Invok: Depart the Abyss  |     1 |       ||     1
       Bend Space        |       |     3 ||     3
  Use: Scroll            |     5 |     3 ||     8
       Potion            |       |    11 ||    11
  Eat: Chunk             |     3 |     4 ||     7
       Beef jerky        |       |     1 ||     1
Armor: Leather armour    |    13 |       ||    13
       Ring mail         |    53 |       ||    53
       Chain mail        |       |   164 ||   164
       Skin              |       |     6 ||     6
Dodge: Dodged            |    91 |    87 ||   178
